 Dungeon Crawl Stone Soup version 0.17.0-28-g6e173f8 (webtiles) character file.

4505 4thArraOfDagon the Cleaver (level 10, 92/92 HPs)
             Began as a Minotaur Berserker on Nov 22, 2015.
             Was a Believer of Trog.
             Quit the game in a labyrinth.
             The game lasted 00:10:34 (1942 turns).

4thArraOfDagon the Cleaver (Minotaur Berserker)     Turns: 1942, Time: 00:10:34

Health: 92/92      AC: 19    Str: 22    XL:     10   Next: 16%
Magic:  9/9        EV:  7    Int:  7    God:    Trog [**....]
Gold:   244        SH:  0    Dex:  7    Spells: 0 memorised, 9 levels left

rFire  . . .     SeeInvis .     q - +3 war axe (freeze)
rCold  . . .     Clarity  .     e - +0 plate armour
rNeg   . . .     SustAt   .     (no shield)
rPois  .         Gourm    .     (helmet restricted)
rElec  .         Spirit   .     o - +2 cloak
rCorr  .         Warding  .     m - +0 pair of gloves
rMut   .         Stasis   .     (no boots)
MR     .....                    (no amulet)
Stlth  ..........               (no ring)
                                r - -3 ring of dexterity

@: not resistant to hostile enchantments, extremely unstealthy
A: retaliatory headbutt, horns 2
a: Berserk, Trog's Hand, Burn Spellbooks, Renounce Religion


You were in a labyrinth.
You worshipped Trog.
Trog was pleased with you.
You were not hungry.

You visited 1 branch of the dungeon, and saw 14 of its levels.
You also visited: Labyrinth.

You collected 244 gold pieces.

Inventory:

Hand Weapons
 p - a cursed +0 battleaxe
 q - a +3 war axe of freezing (weapon)
Armour
 e - a +0 plate armour (worn)
 m - a +0 pair of gloves (worn)
 o - a +2 cloak (worn)
Magical Staves
 A - an uncursed staff of power {unknown}
Jewellery
 r - a -3 ring of dexterity (left hand)
Scrolls
 b - a scroll of vulnerability
 d - 2 scrolls of enchant armour
 h - a scroll of recharging
 l - a scroll of identify
 n - a scroll of remove curse
 z - a scroll of random uselessness
Potions
 f - a potion of brilliance {unknown}
 g - 2 potions of poison {unknown}
 k - 3 potions of might
 t - 2 potions of cure mutation
 w - a potion of agility
 x - a potion of lignification
Books
 v - a book of Battle

   Spells                             Type                      Level
   a - Infusion                       Charms                       1
   b - Shroud of Golubria             Charms/Translocation         2
   c - Song of Slaying                Charms                       2
   d - Spectral Weapon                Hexes/Charms                 3
   e - Regeneration                   Charms/Necromancy            3
   Trog disapproves of the use of such an item.
Comestibles
 c - 3 bread rations


   Skills:
 + Level 9.6 Fighting
 * Level 12.7 Axes
 + Level 9.2 Armour
 - Level 2.1 Dodging


You had 9 spell levels left.
You didn't know any spells.

Dungeon Overview and Level Annotations

Branches:
Dungeon (14/15)              Lair (0/8) D:9
 Temple: D:4-7          Orc: D:9-12      Vaults: D:13-14

Altars:
Qazlal
Vehumet

Annotations:
D:8 Erica


Innate Abilities, Weirdness & Mutations

You reflexively headbutt those who attack you in melee.
You have a pair of horns on your head.


Message History

You are feeling hungry.
The floor suddenly vibrates beneath you!
Enter note: FUCK You are feeling very hungry.
Eat which item? (? for menu, Esc to quit)
You continue eating. x2
You finish eating.
That meat ration really hit the spot!
You feel a sudden draft!
Unknown command.
Enter note: ctrl q Unknown command.
Unknown command.
Press: ? - help, v - describe, . - travel An unnaturally hard rock wall.
Unknown command.
Read which item? (? for menu, Esc to quit)
As you read the scroll of teleportation, it crumbles to dust.
You feel strangely unstable.
Your surroundings suddenly seem different.
Are you sure you want to abandon this character and quit the game? (Confirm with "yes".)

####
...
#.#####
#.@...#
#.###.#
#. ##


There were no monsters in sight!

Vanquished Creatures
  A centaur warrior (D:13)
  An unseen horror (D:10)
  A hill giant (D:11)
  The ghost of 4thArraOfDagon the Cleaver, a novice MiBe of Trog (D:9)
  A cyclops (D:13)
  A wyvern (D:13)
  A water moccasin (D:7)
  2 ice beasts
  An orc warrior (D:9)
  A sky beast (D:6)
  A phantom (D:13)
  A centaur (D:6)
  3 ogres
  A giant frog (D:10)
  5 killer bees (D:10)
  4 wights (D:6)
  2 centaur zombies (D:10)
  A giant frog skeleton (D:4)
  An iguana (D:5)
  2 worker ants
  2 orc wizards (D:8)
  3 sheep (D:13)
  A hound zombie (D:8)
  3 adders
  A shadow imp (D:10)
  An adder zombie (D:8)
  An adder skeleton (D:9)
  A giant gecko (D:3)
  9 orcs
  A hobgoblin (D:3)
  3 jackals (D:2)
  A kobold (D:2)
  2 bats
  A giant newt (D:1)
  3 goblins
  A quokka (D:6)
66 creatures vanquished.

Notes
Turn   | Place    | Note
--------------------------------------------------------------
     0 | D:1      | 4thArraOfDagon the Minotaur Berserker began the quest for the Orb.
     0 | D:1      | Reached XP level 1. HP: 19/19 MP: 0/0
    87 | D:2      | Reached skill level 4 in Axes
    87 | D:2      | Reached XP level 2. HP: 27/27 MP: 1/1
   310 | D:4      | Reached XP level 3. HP: 33/33 MP: 2/2
   324 | D:5      | Entered Level 5 of the Dungeon
   368 | D:5      | Noticed an ice beast
   378 | D:5      | Killed an ice beast
   378 | D:5      | Reached skill level 5 in Axes
   378 | D:5      | Reached XP level 4. HP: 41/41 MP: 3/3
   378 | D:5      | Reached XP level 5. HP: 47/47 MP: 4/4
   431 | D:4      | Noticed an ogre
   437 | D:4      | Killed an ogre
   437 | D:4      | Reached skill level 5 in Fighting
   437 | D:4      | Reached skill level 6 in Axes
   524 | D:6      | Noticed a centaur
   536 | D:6      | Killed a centaur
   536 | D:6      | Reached ** piety under Trog
   536 | D:6      | Reached XP level 6. HP: 47/56 MP: 5/5
   586 | D:5      | Found a stormy altar of Qazlal.
   595 | D:5      | Found a radiant altar of Vehumet.
   648 | D:4      | You fall through a shaft for 2 floors!
   648 | D:6      | Noticed a sky beast
   674 | D:6      | Reached skill level 7 in Axes
   674 | D:6      | Reached skill level 5 in Armour
   676 | D:6      | Killed a sky beast
   676 | D:6      | Reached XP level 7. HP: 51/62 MP: 6/6
   735 | D:7      | Reached skill level 8 in Axes
   817 | D:9      | Noticed 4thArraOfDagon's ghost (novice MiBe)
   834 | D:9      | Killed 4thArraOfDagon's ghost
   834 | D:9      | Reached skill level 9 in Axes
   834 | D:9      | Reached XP level 8. HP: 50/73 MP: 7/7
   902 | D:9      | Found a staircase to the Lair.
   976 | D:8      | Noticed Erica
   996 | D:10     | Entered Level 10 of the Dungeon
   996 | D:10     | Noticed a centaur zombie
  1008 | D:10     | Reached skill level 10 in Axes
  1010 | D:10     | Killed a centaur zombie
  1045 | D:10     | Reached XP level 9. HP: 81/81 MP: 8/8
  1129 | D:10     | Killed an unseen horror
  1129 | D:10     | Reached skill level 11 in Axes
  1213 | D:11     | Noticed a hill giant
  1221 | D:11     | Killed a hill giant
  1237 | D:11     | Noticed a gargoyle
  1245 | D:12     | Noticed a five-headed hydra
  1264 | D:13     | Noticed a centaur warrior
  1267 | D:13     | Noticed a cyclops
  1267 | D:13     | Reached skill level 12 in Axes
  1272 | D:13     | Killed a centaur warrior
  1272 | D:13     | Reached XP level 10. HP: 90/91 MP: 9/9
  1276 | D:13     | Killed a cyclops
  1377 | D:14     | Found a labyrinth entrance.
  1386 | Lab      | Entered a labyrinth
  1709 | Lab      | FUCK
  1891 | Lab      | ctrl q
  1942 | Lab      | Quit the game

Action                   |  1- 3 |  4- 6 |  7- 9 | 10-12 || total
-------------------------+-------+-------+-------+-------++-------
Melee: Hand axe          |    25 |    24 |     2 |       ||    51
       War axe           |       |       |    69 |    16 ||    85
Invok: Berserk           |     3 |     3 |     7 |       ||    13
       Trog's Hand       |       |       |     3 |       ||     3
  Use: Scroll            |       |       |       |    14 ||    14
  Eat: Chunk             |       |     4 |     8 |     2 ||    14
       Beef jerky        |       |       |     1 |       ||     1
       Meat ration       |       |       |       |     1 ||     1
